Map: Frost LE

Players

LiquidMaNa (MaNa)

  • Race: Protoss Protoss
  • League: Master

Reynor - Winner!

  • Race: Zerg Zerg
  • League: Master

Event: DreamHack ZOWIE Open Valencia 2016

VOD

Have the link to the VOD?

Description

Time

  • Played on: July 14, 2016, 1:15 p.m.
  • Length: 9:39

All games in this series

Show
View Real Time Build Order
Export as new Build Order

LiquidMaNa Protoss 

Build Orders:  

Get SALT Encoding   

  12  0:00  Probe (Chrono Boost)  
  13  0:11  Probe (Chrono Boost)  
  14  0:22  Pylon, Probe (Chrono Boost)  
  15  0:41  Probe (Chrono Boost)  
  16  0:45  Gateway  
  16  0:51  Probe (Chrono Boost)  
  17  1:02  Probe (Chrono Boost)  
  17  1:03  Assimilator  
  18  1:12  Probe (Chrono Boost)  
  19  1:19  Gateway  
  19  1:23  Probe (Chrono Boost)  
  20  1:32  Cybernetics Core  
  20  1:33  Probe (Chrono Boost)  
  20  1:39  Pylon  
  21  1:55  Nexus  
  22  2:06  Adept  
  22  2:07  Adept  
  21  2:13  Probe (Chrono Boost)  
  26  2:16  Assimilator  
  26  2:18  Warp Gate  
  26  2:25  Probe (Chrono Boost)  
  26  2:29  Stalker  
  29  2:37  Probe (Chrono Boost)  
  29  2:48  Pylon  
  29  2:49  Probe (Chrono Boost)  
  31  3:07  Mothership Core (Chrono Boost)  
  31  3:10  Pylon  
  32  3:13  Pylon  
  30  3:23  Stargate  
  30  3:25  Probe (Chrono Boost)  
  30  3:26  Probe (Chrono Boost)  
  32  3:30  Pylon  
  32  3:36  Probe (Chrono Boost)  
  32  3:38  Probe (Chrono Boost)  
  32  3:39  Stalker  
  34  3:42  Pylon  
  38  3:48  Probe (Chrono Boost)  
  38  3:50  Probe (Chrono Boost)  
  38  4:00  Probe (Chrono Boost)  
  38  4:02  Oracle, Probe (Chrono Boost)  
  43  4:11  Probe (Chrono Boost)  
  43  4:13  Probe (Chrono Boost), Gateway  
  45  4:22  Probe (Chrono Boost)  
  45  4:23  Assimilator  
  47  4:26  Assimilator, Probe (Chrono Boost)  
  47  4:33  Oracle, Probe (Chrono Boost)  
  47  4:38  Probe (Chrono Boost)  
  49  4:43  Probe (Chrono Boost)  
  53  4:45  Sentry  
  53  4:49  Pylon  
  53  4:50  Probe (Chrono Boost)  
  53  4:51  Pylon  
  56  4:53  Adept  
  56  4:54  Probe (Chrono Boost)  
  59  5:02  Robotics Facility, Probe (Chrono Boost)  
  59  5:05  Probe (Chrono Boost)  
  62  5:14  Probe (Chrono Boost)  
  62  5:18  Probe (Chrono Boost)  
  63  5:22  Sentry, Adept x2  
  63  5:26  Forge, Probe (Chrono Boost)  
  70  5:32  Probe (Chrono Boost)  
  71  5:38  Probe (Chrono Boost)  
  71  5:41  Nexus  
  72  5:44  Protoss Ground Weapons Level 1  
  72  5:46  Pylon  
  71  5:50  Sentry x2  
  71  5:51  Sentry  
  77  6:02  Pylon, Probe (Chrono Boost)  
  77  6:03  Warp Prism  
  81  6:06  Probe (Chrono Boost)  
  81  6:09  Nexus  
  81  6:15  Pylon  
  81  6:22  Gateway  
  81  6:23  Twilight Council  
  81  6:27  Photon Cannon  
  83  6:40  Probe (Chrono Boost)  
  83  6:41  Probe (Chrono Boost)  
  83  6:44  Sentry x2, Blink  
  83  6:45  Stalker  
  89  6:48  Immortal  
  89  6:53  Probe x2 (Chrono Boost)  
  95  6:54  Gateway  
  95  7:07  Gateway  
  95  7:15  Stalker x3  
  101  7:26  Gateway  
  101  7:28  Gateway  
  101  7:31  Adept  
  103  7:37  Phoenix  
  105  7:46  Stalker x3  
  111  7:56  Probe x2 (Chrono Boost)  
  113  8:03  Probe (Chrono Boost)  
  113  8:05  Observer  
  115  8:07  Assimilator  
  115  8:08  Probe (Chrono Boost), Assimilator  
  115  8:11  Probe (Chrono Boost)  
  117  8:20  Templar Archives  
  117  8:32  Pylon  
  117  8:34  Pylon  
  117  8:43  Robotics Facility  
  117  8:45  Robotics Bay  
  117  8:50  Probe (Chrono Boost), Immortal  
  117  8:51  Pylon  
  117  8:52  Pylon  
  122  8:56  Pylon, Zealot  
  122  8:57  Zealot x4  
  132  9:11  Pylon  
  132  9:13  Pylon  
  132  9:15  Pylon  
  102  9:34  Stalker x6  
Show
View Real Time Build Order
Export as new Build Order

Reynor Zerg - Winner!

Build Orders: Hatch First, Lurkers 

Get SALT Encoding   

  12  0:01  Drone  
  13  0:13  Overlord  
  13  0:17  Drone  
  14  0:23  Extractor  
  14  0:24  Drone  
  15  0:32  Drone  
  16  0:36  Drone  
  17  0:54  Hatchery  
  17  0:56  Drone  
  17  0:59  Drone  
  18  1:14  Spawning Pool  
  18  1:15  Drone  
  18  1:18  Extractor  
  18  1:22  Drone  
  18  1:28  Drone  
  19  1:39  Overlord  
  19  2:02  Zergling x4, Queen  
  19  2:06  Zergling x2, Queen  
  26  2:11  Zergling x2  
  27  2:27  Metabolic Boost  
  27  2:28  Zergling x4  
  29  2:30  Drone  
  29  2:33  Overlord  
  30  2:41  Zergling x2  
  30  2:44  Queen  
  31  2:49  Zergling x2, Drone  
  35  2:56  Overlord  
  35  2:59  Drone  
  36  3:12  Drone x2  
  37  3:14  Drone x5  
  37  3:15  Drone  
  42  3:20  Zergling x2  
  43  3:29  Overlord  
  43  3:30  Drone  
  44  3:36  Drone  
  44  3:41  Drone  
  44  3:45  Drone, Spore Crawler  
  45  3:49  Hatchery  
  45  3:51  Drone  
  45  3:53  Zergling x2  
  45  3:54  Drone x2  
  48  3:57  Zergling x2  
  49  4:04  Overlord  
  49  4:09  Drone  
  50  4:12  Drone  
  50  4:14  Queen  
  50  4:16  Spore Crawler, Overlord  
  52  4:17  Drone x2  
  52  4:19  Drone  
  55  4:25  Evolution Chamber, Drone x2  
  55  4:27  Drone  
  55  4:31  Overlord  
  57  4:38  Spore Crawler  
  56  4:40  Zergling x4  
  56  4:43  Zergling x2  
  59  4:47  Drone  
  59  4:50  Zergling x4, Drone  
  59  4:51  Zerg Melee Weapons Level 1  
  63  4:53  Zergling x2  
  63  4:54  Extractor  
  63  4:56  Zergling x6  
  63  4:59  Drone  
  66  5:01  Drone  
  66  5:06  Zergling x2  
  68  5:10  Drone  
  68  5:12  Drone  
  70  5:16  Drone  
  70  5:21  Drone x3  
  73  5:24  Lair, Extractor  
  73  5:25  Overlord, Extractor  
  73  5:27  Drone x2  
  74  5:31  Zergling x4  
  74  5:32  Drone  
  74  5:34  Drone  
  78  5:40  Zergling x2  
  79  5:45  Zergling x4  
  80  5:50  Drone  
  80  5:53  Zergling x4  
  80  5:55  Drone x2  
  80  5:56  Drone x2  
  83  5:59  Zergling x2  
  83  6:00  Zergling x2  
  84  6:05  Drone  
  84  6:06  Overlord  
  84  6:08  Zergling x2  
  86  6:13  Drone  
  86  6:16  Overlord  
  86  6:17  Drone, Extractor  
  87  6:19  Extractor  
  87  6:20  Queen  
  87  6:22  Drone  
  87  6:24  Drone, Hydralisk Den  
  89  6:26  Overseer  
  89  6:30  Zergling x2, Drone x3  
  89  6:31  Drone, Overlord  
  94  6:33  Drone x3  
  94  6:38  Zergling x2  
  98  6:40  Overlord  
  98  6:46  Zerg Missile Weapons Level 1  
  98  6:47  Drone x2  
  98  6:51  Overlord  
  100  6:55  Overlord  
  100  6:56  Lurker Den, Hydralisk  
  100  6:57  Hydralisk x4  
  110  7:01  Hydralisk x2  
  114  7:10  Hydralisk x4  
  114  7:15  Hydralisk x2  
  121  7:18  Hydralisk  
  121  7:21  Overlord  
  121  7:22  Hydralisk  
  127  7:26  Hydralisk x2  
  127  7:28  Hydralisk  
  134  7:34  Hydralisk  
  134  7:36  Overlord  
  136  7:39  Overlord  
  136  7:42  Hydralisk x3  
  142  7:46  Hydralisk  
  142  7:48  Hydralisk  
  143  7:51  Hydralisk  
  143  7:54  Overlord  
  143  7:55  Hydralisk x2  
  149  8:01  Overlord  
  149  8:03  Hydralisk x2  
  153  8:06  Overlord  
  152  8:23  Overlord  
  152  8:28  Lurker x5  
  152  8:31  Zergling x16, Hatchery  
  152  8:32  Zergling x2, Lurker  
  166  8:38  Lurker  
  166  8:39  Overlord  
  167  8:53  Lurker  
  167  8:54  Zergling x18  
  177  9:03  Overlord  
  177  9:06  Hydralisk x4  
  177  9:07  Hydralisk  
  187  9:10  Zergling x6  

Tags
 
Add a new tag
Caveats
  • Supply blocks, unpowered buildings, or Contaminate may cause inaccurate times.
  • Supply counts are checked every 10 seconds.